 Dungeon Crawl Stone Soup version 0.23.2-40-g277498a001 (webtiles) character file.

Game seed: 12181140082431154474

54 poirepoire the Cudgeler (level 3, -2/23 HPs)
             Began as a Gargoyle Fighter on Oct 15, 2019.
             Slain by an ogre
             ... wielding a +0 giant spiked club
              (24 damage)
             ... on level 2 of the Dungeon.
             The game lasted 00:01:04 (1283 turns).

poirepoire the Cudgeler (Gargoyle Fighter)          Turns: 1283, Time: 00:01:04

Health: -2/23      AC: 10    Str: 19    XL:     3   Next: 91%
Magic:  3/3        EV:  7    Int:  8    God:
Gold:   75         SH:  9    Dex: 10    Spells: 2/2 levels left

rFire    . . .     SeeInvis .   a - +0 flail
rCold    . . .     Gourm    .   c - +0 shield
rNeg     + . .     Faith    .   b - +0 scale mail
rPois    ∞         Spirit   .   (no helmet)
rElec    +         Reflect  .   (no cloak)
rCorr    .         Harm     .   (no gloves)
MR       .....                  (no boots)
Stlth    ..........             (no amulet)
HPRegen  0.07/turn              (no ring)
MPRegen  0.08/turn              (no ring)

@: no status effects
A: negative energy resistance 1, electricity resistance, unbreathing,
petrification resistance, rot immunity, AC +3
a: no special abilities


You were on level 2 of the Dungeon.
You were not hungry.

You visited 1 branch of the dungeon, and saw 2 of its levels.

You collected 75 gold pieces.

Inventory:

Hand Weapons
 a - a +0 flail (weapon)
Missiles
 e - 62 stones (quivered)
 g - 37 bolts
Armour
 b - a +0 scale mail (worn)
 c - a +0 shield (worn)
Potions
 d - 2 potions of might
 h - 2 potions of resistance
 j - a potion of haste
 l - a potion of flight
Comestibles
 f - a ration


   Skills:
 - Level 3.2 Fighting
 + Level 4.1 Maces & Flails
 - Level 3.2 Armour
 - Level 3.2 Shields


You had 2 spell levels left.
You didn't know any spells.
Your spell library was empty.

Dungeon Overview and Level Annotations

Branches:
Dungeon (2/15)

Altars:


Innate Abilities, Weirdness & Mutations

You are resistant to torment.
Your stone body is resilient. (AC +3)
You are immune to poison.
You resist negative energy. (rN+)
You are resistant to electric shocks. (rElec)
You can survive without breathing.
You are immune to petrification.
You are immune to rotting.


Message History

No target in view!
No target in view!
Found a whip.
A goblin comes into view. It is wielding a +0 club.
The goblin shouts!
You hear a shout!
A quokka comes into view.
An ogre comes into view. It is wielding a +0 giant spiked club.
Found a scroll labeled GAYNUO CEFUW.
The ogre barely misses you. The quokka completely misses you.
The goblin hits you with a +0 club.
Found a hand crossbow and 14 arrows.
Found a stone staircase leading up.
Your shield and scale mail prevent you from hitting the ogre.
You block the quokka's attack. You block the ogre's attack.
The goblin closely misses you.
The quokka bites you but does no damage.
You sock the ogre!
The ogre is heavily wounded.
The ogre hits you with a +0 giant spiked club!!
Ouch! That really hurt!
You die...

##.#. #.# #.###
#....#########.####....
#..............#.###
#...#####.....##.# #
#.#.# #.#......# # .)
#.# #...<.#### # #. #.#
###.#.# # #.###.# #.#.#
# #....@# #......###
.....?Org.....+.........
........%######......###
.........# .###
.........# .........#
####.....# .(..)<.


You could see an ogre, a quokka and a goblin.

Vanquished Creatures
  An adder (D:2)
  An ooze (D:1)
  A worm (D:2)
  3 leopard geckos
  5 bats (D:1)
  4 goblins (D:1)
  6 hobgoblins
  6 kobolds (D:1)
  2 frilled lizards (D:1)
  6 rats
35 creatures vanquished.

Notes
Turn   | Place    | Note
-------+----------+-------------------------------------------
     0 | D:1      | poirepoire the Gargoyle Fighter began the quest for the
                  | Orb.
     0 | D:1      | Reached XP level 1. HP: 14/14 MP: 1/1
   101 | D:1      | Reached XP level 2. HP: 19/19 MP: 2/2
   136 | D:1      | Reached skill level 3 in Maces & Flails
   445 | D:1      | Reached XP level 3. HP: 23/23 MP: 3/3
   938 | D:2      | Reached skill level 4 in Maces & Flails
  1278 | D:2      | Noticed an ogre
  1283 | D:2      | Slain by an ogre

Skill      XL: |  1  2  3 |
---------------+----------+-----
Maces & Flails | 3 4 |  4.1
Fighting       | |  3.2
Armour         | |  3.2
Shields        | |  3.2

Action                   || total
-------------------------++-------
Melee: Flail             ||   127
  Use: Scroll            ||     5
       Potion            ||     1
  Eat: Ration            ||     1
Armor: Scale mail        ||    59
       Skin              ||     3
Dodge: Dodged            ||    41
Block: Shield            ||    60
